 Dungeon Crawl Stone Soup version 0.18.1-5-g4a78601 (webtiles) character file.

145 rutigerpupkin the Skirmisher (level 5, 0/34 HPs)
             Began as a Gargoyle Fighter on May 12, 2016.
             Slain by Purgy (5 damage)
             ... on level 3 of the Dungeon.
             The game lasted 00:06:11 (1908 turns).

rutigerpupkin the Skirmisher (Gargoyle Fighter)     Turns: 1908, Time: 00:06:11

Health: 0/34       AC: 16    Str: 19    XL:     5   Next: 27%
Magic:  5/5        EV:  5    Int: 12    God:
Gold:   135        SH:  9    Dex: 10    Spells: 0 memorised, 4 levels left

rFire  . . .     SeeInvis .     a - +0 flail
rCold  . . .     Gourm    .     m - +0 chain mail (curse)
rNeg   + . .     Faith    .     c - +0 shield
rPois  ∞         Spirit   .     x - +1 helmet {Int+3}
rElec  +         Dismiss  .     t - +0 cloak
rCorr  .         Reflect  .     (no gloves)
SustAt .         Harm     .     (no boots)
MR     .....                    (no amulet)
Stlth  ..........               (no ring)
                                i - ring of flight

@: not resistant to hostile enchantments, extremely unstealthy
A: negative energy resistance 1, electricity resistance, unbreathing,
petrification resistance, rot immunity, AC +4
a: Evoke Flight


You were on level 3 of the Dungeon.
You were not hungry.

You visited 1 branch of the dungeon, and saw 3 of its levels.

You collected 135 gold pieces.

Inventory:

Hand Weapons
 a - a +0 flail (weapon)
 y - a +0 blowgun
Missiles
 p - 4 tomahawks (quivered)
 z - 15 poisoned needles
Armour
 c - a +0 shield (worn)
 m - a cursed +0 chain mail (worn)
 t - a +0 cloak (worn)
 x - a +1 helmet of intelligence (worn)
Jewellery
 i - a ring of flight (left hand)
Wands
 w - a wand of slowing (23/48)
Scrolls
 h - a scroll of immolation {unknown}
 j - 2 scrolls of enchant weapon {unknown}
 k - a scroll of noise {unknown}
 q - a scroll of recharging {unknown}
 r - 2 scrolls of identify {unknown}
 s - a scroll of remove curse {unknown}
 v - a scroll of amnesia {unknown}
Potions
 b - 2 potions of heal wounds {unknown}
 d - a potion of might
 e - 3 potions of haste {unknown}
 l - 2 potions of degeneration {unknown}
 n - a potion of brilliance {unknown}
 A - a potion of lignification {unknown}
Comestibles
 f - 4 bread rations
 g - a chunk of flesh
 o - a beef jerky
 u - 2 meat rations


   Skills:
 + Level 4.4 Fighting
 + Level 3.0 Maces & Flails
 + Level 4.2 Armour
 + Level 4.1 Shields


You had 4 spell levels left.
You didn't know any spells.

Dungeon Overview and Level Annotations

Branches:
Dungeon (3/15)

Altars:

Annotations:
D:3 Purgy


Innate Abilities, Weirdness & Mutations

You are resistant to torment.
Your stone body is resilient (AC +4).
You are immune to poison.
You resist negative energy.
You are resistant to electric shocks.
You can survive without breathing.
You are immune to petrification.
You are immune to rotting.


Message History

Purgy bites you but does no damage. Purgy claws you but does no damage. x2
You barely miss Purgy.
Purgy is almost dead.
Purgy bites you.
* * * LOW HITPOINT WARNING * * *
You block Purgy's attack. Purgy claws you but does no damage. Purgy bites you.
* * * LOW HITPOINT WARNING * * *
Purgy claws you but does no damage. You block Purgy's attack.
You barely miss Purgy.
Purgy is severely wounded.
Purgy bites you but does no damage. You block Purgy's attack. x2
You hit Purgy.
Purgy is almost dead.
You block Purgy's attack. Purgy claws you but does no damage.
Purgy barely misses you.
You closely miss Purgy.
Purgy is almost dead.
Purgy bites you but does no damage. You block Purgy's attack.
Purgy claws you but does no damage. Purgy bites you.
You die...

####### ##########
#.....# .......[.#
#.....# .........#
#.....# .........#
#.....##
.........#######......##
......T.................
.......@.######..[......
#######......#........)#
##.............##.)
#...........<...###
#.......[.......# #
#...............#
#...............#
#........<......#
######...............#


You could see Purgy.

Vanquished Creatures
  An orc wizard (D:3)
  Robin (D:2)
  3 adders
  An ooze (D:1)
  A worm (D:3)
  3 dart slugs
  A giant gecko (D:1)
  7 orcs (D:3)
  5 bats
  2 giant cockroaches
  6 goblins (D:2)
  10 hobgoblins
  5 jackals (D:2)
  4 quokkas
  A ball python (D:3)
  2 giant newts
  5 kobolds
  A rat (D:1)
59 creatures vanquished.

Notes
Turn   | Place    | Note
--------------------------------------------------------------
     0 | D:1      | rutigerpupkin the Gargoyle Fighter began the quest for the Orb.
     0 | D:1      | Reached XP level 1. HP: 14/14 MP: 1/1
   128 | D:1      | Reached XP level 2. HP: 15/19 MP: 2/2
   541 | D:2      | Reached XP level 3. HP: 24/24 MP: 3/3
   861 | D:2      | Noticed Robin
   875 | D:2      | Killed Robin
   875 | D:2      | Reached XP level 4. HP: 21/29 MP: 4/4
  1245 | D:3      | Found a faded altar to an unknown god.
  1371 | D:3      | Reached XP level 5. HP: 11/34 MP: 5/5
  1862 | D:3      | Noticed Purgy
  1908 | D:3      | Slain by Purgy

Skill      XL: |  1  2  3  4  5 |
---------------+----------------+-----
Fighting       | 4 |  4.4
Armour         | 4 |  4.2
Shields        | 4 |  4.1
Maces & Flails | 3 |  3.0

Action                   |  1- 3 |  4- 6 || total
-------------------------+-------+-------++-------
Melee: Flail             |   133 |   160 ||   293
  Eat: Chunk             |       |     4 ||     4
Armor: Scale mail        |    24 |       ||    24
       Chain mail        |    85 |   195 ||   280
Dodge: Dodged            |    39 |    47 ||    86
Block: Shield            |    86 |   112 ||   198
